BSA
BIRMINGHAM STEELDOGS @ LOS CABOS CARTEL
03/29/2026
 
TOP OF THE 1ST
Birmingham Steeldogs batting - Pitching for Los Cabos Cartel : LHP Tom Miller
Pitching: LHP Tom Miller
Batting: LHB Glenn Garrett 0-0: Swinging Strike
0-1: Ball
1-1: Swinging Strike
1-2: Ball
2-2: Strikes out looking
Batting: LHB José Sánchez 0-0: Ball
1-0: Ball
2-0: SINGLE (Groundball, 34D)
Batting: RHB Valentín Borges 0-0: Called Strike
0-1: Ball
1-1: SINGLE (Line Drive, 6MD)
José Sánchez to second
Batting: RHB Eric Johnson 0-0: Ball
1-0: Called Strike
1-1: Foul Ball, location: 2F
1-2: Ball
2-2: Strikes out swinging
Batting: LHB Chris Miller 0-0: Foul Ball, location: 2F
0-1: Ball
1-1: Fly out, F9 (Flyball, 89D)
Top of the 1st over - 0 run(s), 2 hit(s), 0 error(s), 2 left on base; Birmingham 0 - Los Cabos 0
BOTTOM OF THE 1ST
Los Cabos Cartel batting - Pitching for Birmingham Steeldogs : RHP Manuel Romero
Pitching: RHP Manuel Romero
Batting: RHB Ángel Garza 0-0: Ball
1-0: Ball
2-0: Called Strike
2-1: Called Strike
2-2: Ball
3-2: SINGLE (Groundball, 56D)
Batting: RHB Oliver Hernández 0-0: Called Strike
0-1: Foul Ball, location: 2F
0-2: Ball
1-2: Ball
2-2: Ball
3-2: Strikes out swinging
Ángel Garza steals 2nd base
Batter strikes out.
Batting: LHB Manny Quiñones 0-0: Foul Ball, location: 2F
0-1: Ball
1-1: Ball
2-1: SINGLE (Line Drive, 34D)
Ángel Garza to third
Batting: RHB Sam Wallace 0-0: Ball
1-0: Ball
2-0: Foul Ball, location: 2F
2-1: Foul Ball, location: 2F
2-2: DOUBLE (Line Drive, 78XD)
Ángel Garza scores
Manny Quiñones to third
Batting: LHB Willie Wallace 0-0: Foul Ball, location: 2F
0-1: Foul Ball, location: 2F
0-2: Strikes out swinging
Batting: SHB Julián Madrid 0-0: Ball
1-0: Called Strike
1-1: Ball
2-1: Fly out, F8 (Line Drive, 8RD)
Bottom of the 1st over - 1 run(s), 3 hit(s), 0 error(s), 2 left on base; Birmingham 0 - Los Cabos 1
TOP OF THE 2ND
Birmingham Steeldogs batting - Pitching for Los Cabos Cartel : LHP Tom Miller
Batting: LHB Ashley Pickhills 0-0: Called Strike
0-1: Fly out, F9 (Flyball, 89M)
Batting: LHB José Martínez 0-0: Ball
1-0: Called Strike
1-1: Swinging Strike
1-2: Strikes out looking
Batting: LHB Mitchell Oglethorpe 0-0: Fly out, F7 (Line Drive, 7D)
Top of the 2nd over - 0 run(s), 0 hit(s), 0 error(s), 0 left on base; Birmingham 0 - Los Cabos 1
BOTTOM OF THE 2ND
Los Cabos Cartel batting - Pitching for Birmingham Steeldogs : RHP Manuel Romero
Batting: SHB Rob Grun 0-0: Called Strike
0-1: Ball
1-1: Swinging Strike
1-2: Strikes out swinging
Batting: SHB Edgardo Osorio 0-0: Called Strike
0-1: Called Strike
0-2: Ball
1-2: Foul Ball, location: 2F
1-2: Strikes out swinging
Batting: RHB António Magana 0-0: Ground out 5-3 (Groundball, 56)
Bottom of the 2nd over - 0 run(s), 0 hit(s), 0 error(s), 0 left on base; Birmingham 0 - Los Cabos 1
TOP OF THE 3RD
Birmingham Steeldogs batting - Pitching for Los Cabos Cartel : LHP Tom Miller
Batting: RHB Paço Ttes 0-0: Ball
1-0: Called Strike
1-1: Ball
2-1: Fly out, F7 (Flyball, 7D)
Batting: LHB Glenn Garrett 0-0: Called Strike
0-1: Ball
1-1: Swinging Strike
1-2: Foul Ball, location: 2F
1-2: Ground out 4-3 (Groundball, 34)
Batting: LHB José Sánchez 0-0: Called Strike
0-1: Called Strike
0-2: Ball
1-2: Foul Ball, location: 2F
1-2: Ground out 4-3 (Groundball, 4)
Top of the 3rd over - 0 run(s), 0 hit(s), 0 error(s), 0 left on base; Birmingham 0 - Los Cabos 1
BOTTOM OF THE 3RD
Los Cabos Cartel batting - Pitching for Birmingham Steeldogs : RHP Manuel Romero
Batting: RHB Ángel Garza 0-0: Ball
1-0: Ground out 5-3 (Groundball, 5L)
Batting: RHB Oliver Hernández 0-0: Ball
1-0: SINGLE (Line Drive, 4D)
Batting: LHB Manny Quiñones 0-0: Ball
1-0: Ball
2-0: Foul Ball, location: 2F
2-1: Foul Ball, location: 2F
2-2: 2-RUN HOME RUN (Flyball, 89XD), Distance : 420 ft
Batting: RHB Sam Wallace 0-0: Foul Ball, location: 2F
0-1: Ball
1-1: Ball
2-1: Fly out, F5 (Line Drive, 5D)
Batting: LHB Willie Wallace 0-0: Ball
1-0: Ball
2-0: SOLO HOME RUN (Flyball, 9LD), Distance : 348 ft
Batting: SHB Julián Madrid 0-0: Ball
1-0: Ball
2-0: Foul Ball, location: 2F
2-1: Foul Ball, location: 2F
2-2: Ball
3-2: Base on Balls
Batting: SHB Rob Grun 0-0: Ball
1-0: Swinging Strike
1-1: Ball
2-1: Ball
3-1: Foul Ball, location: 2F
3-2: DOUBLE (Line Drive, 34D)
Julián Madrid to third
Julián Madrid scores
Batting: SHB Edgardo Osorio 0-0: Ground out 1-3 (Groundball, 13)
Bottom of the 3rd over - 4 run(s), 4 hit(s), 0 error(s), 1 left on base; Birmingham 0 - Los Cabos 5
TOP OF THE 4TH
Birmingham Steeldogs batting - Pitching for Los Cabos Cartel : LHP Tom Miller
Batting: RHB Valentín Borges 0-0: SINGLE (Groundball, 4M)
Batting: RHB Eric Johnson 0-0: Foul Ball, location: 2F
0-1: Ball
1-1: Fly out, F7 (Flyball, 78M)
Batting: LHB Chris Miller 0-0: Ball
1-0: Foul Ball, location: 2F
1-1: Called Strike
1-2: Strikes out swinging
Batting: LHB Ashley Pickhills 0-0: Foul Ball, location: 2F
0-1: Ball
1-1: Called Strike
1-2: Strikes out swinging
Top of the 4th over - 0 run(s), 1 hit(s), 0 error(s), 1 left on base; Birmingham 0 - Los Cabos 5
BOTTOM OF THE 4TH
Los Cabos Cartel batting - Pitching for Birmingham Steeldogs : RHP Manuel Romero
Batting: RHB António Magana 0-0: Ball
1-0: Called Strike
1-1: Ball
2-1: Swinging Strike
2-2: Ball
3-2: Foul Ball, location: 2F
3-2: Base on Balls
Batting: RHB Ángel Garza 0-0: 2-RUN HOME RUN (Line Drive, 7D), Distance : 382 ft
Pitching: RHP Craig Draper
Batting: RHB Oliver Hernández 0-0: Ball
1-0: Ball
2-0: SINGLE (Line Drive, 89S)
Batting: LHB Manny Quiñones 0-0: Called Strike
0-1: Ball
1-1: Foul Ball, location: 2F
1-2: Foul Ball, location: 2F
1-2: Strikes out swinging
Batting: RHB Sam Wallace 0-0: Called Strike
0-1: Called Strike
0-2: Ball
1-2: Strikes out swinging
Batting: LHB Willie Wallace 0-0: Called Strike
0-1: Ball
1-1: Ball
2-1: Called Strike
2-2: Ball
3-2: Base on Balls
Oliver Hernández to second
Batting: SHB Julián Madrid 0-0: Fly out, F4 (Popup, 4M)
Bottom of the 4th over - 2 run(s), 2 hit(s), 0 error(s), 2 left on base; Birmingham 0 - Los Cabos 7
TOP OF THE 5TH
Birmingham Steeldogs batting - Pitching for Los Cabos Cartel : LHP Tom Miller
Pitching: LHP Jung-keun Yi
Batting: LHB José Martínez 0-0: Ball
1-0: Foul Ball, location: 2F
1-1: Foul Ball, location: 2F
1-2: Strikes out swinging
Batting: LHB Mitchell Oglethorpe 0-0: Ball
1-0: Called Strike
1-1: Ball
2-1: Swinging Strike
2-2: Ground out 4-3 (Groundball, 4M)
Batting: RHB Paço Ttes 0-0: Called Strike
0-1: Swinging Strike
0-2: Ball
1-2: Fly out, F9 (Line Drive, 89S)
Top of the 5th over - 0 run(s), 0 hit(s), 0 error(s), 0 left on base; Birmingham 0 - Los Cabos 7
BOTTOM OF THE 5TH
Los Cabos Cartel batting - Pitching for Birmingham Steeldogs : RHP Craig Draper
Batting: SHB Rob Grun 0-0: Called Strike
0-1: Swinging Strike
0-2: Foul Ball, location: 2F
0-2: Strikes out swinging
Batting: SHB Edgardo Osorio 0-0: Fly out, F2 (Popup, 2LF)
Batting: RHB António Magana 0-0: Called Strike
0-1: Ball
1-1: Ball
2-1: Foul Ball, location: 2F
2-2: Strikes out swinging
Bottom of the 5th over - 0 run(s), 0 hit(s), 0 error(s), 0 left on base; Birmingham 0 - Los Cabos 7
TOP OF THE 6TH
Birmingham Steeldogs batting - Pitching for Los Cabos Cartel : LHP Jung-keun Yi
Batting: LHB Glenn Garrett 0-0: Swinging Strike
0-1: DOUBLE (Line Drive, 9LM)
Batting: LHB José Sánchez 0-0: Called Strike
0-1: Ball
1-1: Ball
2-1: SINGLE (Flyball, 7LM)
Glenn Garrett to third
Runner from 3rd tries for Home, throw and OUT!
José Sánchez to second
Batting: RHB Valentín Borges 0-0: Foul Ball, location: 2F
0-1: Ball
1-1: Ball
2-1: Ground out 4-3 (Groundball, 34)
José Sánchez to third
Batting: RHB Eric Johnson 0-0: Called Strike
0-1: Swinging Strike
0-2: Ball
1-2: Strikes out swinging
Top of the 6th over - 0 run(s), 2 hit(s), 0 error(s), 1 left on base; Birmingham 0 - Los Cabos 7
BOTTOM OF THE 6TH
Los Cabos Cartel batting - Pitching for Birmingham Steeldogs : RHP Craig Draper
Pitching: RHP Pete Cook
Pinch Hitting: LHB Luis González 0-0: Ball
1-0: Foul Ball, location: 2F
1-1: SINGLE (Groundball, 13) (infield hit)
Pinch Hitting: LHB José Rivas 0-0: Called Strike
0-1: Called Strike
0-2: Strikes out looking
Pinch Hitting: LHB Miguel Rivería 0-0: Called Strike
0-1: Swinging Strike
0-2: Ball
1-2: Foul Ball, location: 2F
1-2: Strikes out swinging
Pinch Hitting: RHB Wilbert Rodgers 0-0: Ball
1-0: Ball
2-0: Called Strike
2-1: Swinging Strike
2-2: Fielders Choice at 2nd, U6 (Groundball, 6M)
Bottom of the 6th over - 0 run(s), 1 hit(s), 0 error(s), 1 left on base; Birmingham 0 - Los Cabos 7
TOP OF THE 7TH
Birmingham Steeldogs batting - Pitching for Los Cabos Cartel : LHP Jung-keun Yi
Now at 1B: John Pick
Now at 2B: Stephen Wilson
Now at 3B: Gerardo Escobedo
Now at SS: Luis González
Batting: LHB Chris Miller 0-0: Ball
1-0: Foul Ball, location: 2F
1-1: Swinging Strike
1-2: Strikes out looking
Batting: LHB Ashley Pickhills 0-0: Ball
1-0: Fly out, F2 (Popup, 2LF)
Batting: LHB José Martínez 0-0: Called Strike
0-1: Ball
1-1: Ball
2-1: Called Strike
2-2: Strikes out swinging
Top of the 7th over - 0 run(s), 0 hit(s), 0 error(s), 0 left on base; Birmingham 0 - Los Cabos 7
BOTTOM OF THE 7TH
Los Cabos Cartel batting - Pitching for Birmingham Steeldogs : RHP Pete Cook
Batting: RHB Víctor Solano 0-0: Called Strike
0-1: Ball
1-1: Foul Ball, location: 2F
1-2: DOUBLE (Line Drive, 78XD)
Batting: SHB Julián Madrid 0-0: Ball
1-0: Swinging Strike
1-1: Foul Ball, location: 2F
1-2: Ball
2-2: 2-RUN HOME RUN (Flyball, 89XD), Distance : 409 ft
Batting: SHB Rob Grun 0-0: Called Strike
0-1: Foul Ball, location: 2F
0-2: Ball
1-2: Ball
2-2: Fly out, F7 (Popup, 7LS)
Batting: SHB Edgardo Osorio 0-0: Ground out 4-3 (Groundball, 4)
Batting: RHB António Magana 0-0: Foul Ball, location: 2F
0-1: Ball
1-1: SINGLE (Flyball, 78S)
Batting: LHB Luis González 0-0: Ball
1-0: Called Strike
1-1: Ball
2-1: Foul Ball, location: 2F
2-2: Ball
3-2: Base on Balls
António Magana to second
Batting: RHB John Pick 0-0: Ball
1-0: Fly out, F4 (Line Drive, 4)
Bottom of the 7th over - 2 run(s), 3 hit(s), 0 error(s), 2 left on base; Birmingham 0 - Los Cabos 9
TOP OF THE 8TH
Birmingham Steeldogs batting - Pitching for Los Cabos Cartel : LHP Jung-keun Yi
Batting: LHB Mitchell Oglethorpe 0-0: Swinging Strike
0-1: Foul Ball, location: 2F
0-2: Ball
1-2: Ball
2-2: Strikes out swinging
Pitching: LHP António Martínez
Batting: RHB Paço Ttes 0-0: Ground out 4-3 (Groundball, 4)
Pinch Hitting: RHB Júlio Pacheco 0-0: Ball
1-0: Called Strike
1-1: Ball
2-1: Called Strike
2-2: Strikes out swinging
Top of the 8th over - 0 run(s), 0 hit(s), 0 error(s), 0 left on base; Birmingham 0 - Los Cabos 9
BOTTOM OF THE 8TH
Los Cabos Cartel batting - Pitching for Birmingham Steeldogs : RHP Pete Cook
Pitching: RHP Michel Dallaire
Now in CF: John Haney
Batting: RHB Gerardo Escobedo 0-0: Called Strike
0-1: Foul Ball, location: 2F
0-2: Strikes out swinging
Batting: RHB Stephen Wilson 0-0: Foul Ball, location: 2F
0-1: Swinging Strike
0-2: Strikes out swinging
Batting: RHB Víctor Solano 0-0: Called Strike
0-1: Ground out 6-3 (Groundball, 6M)
Bottom of the 8th over - 0 run(s), 0 hit(s), 0 error(s), 0 left on base; Birmingham 0 - Los Cabos 9
TOP OF THE 9TH
Birmingham Steeldogs batting - Pitching for Los Cabos Cartel : LHP António Martínez
Pinch Hitting: RHB Raúl Soto 0-0: Ball
1-0: Ball
2-0: Foul Ball, location: 2F
2-1: Foul Ball, location: 2F
2-2: Ball
3-2: Foul Ball, location: 2F
3-2: Strikes out looking
Pinch Hitting: LHB Arturo Molina 0-0: Called Strike
0-1: Called Strike
0-2: Strikes out looking
Pinch Hitting: RHB Vicente Carona 0-0: SINGLE (Groundball, 6MD)
Batting: RHB Jean-Paul St-Pierre 0-0: Ball
Wild Pitch!
Vicente Carona to second
1-0: Called Strike
1-1: Swinging Strike
1-2: Strikes out swinging
Top of the 9th over - 0 run(s), 1 hit(s), 0 error(s), 1 left on base; Birmingham 0 - Los Cabos 9
Monday, December 5th, 2016 - OOTP Baseball 17.12 Build 75